 Dungeon Crawl Stone Soup version 0.23-a0-625-g1d2cd9b (webtiles) character file.

178642 galech the Severer (level 17, -1/138 HPs)
             Began as a Demonspawn Fighter on Dec 24, 2018.
             Was the Champion of Okawaru.
             Killed from afar by a deep elf annihilator (29 damage)
             ... with an iron shot
             ... on level 3 of the Elven Halls.
             The game lasted 00:52:42 (24485 turns).

galech the Severer (Demonspawn Fighter)            Turns: 24485, Time: 00:52:43

Health: -1/138     AC: 29    Str: 25    XL:     17   Next: 58%
Magic:  0/28       EV: 16    Int: 14    God:    Okawaru [******]
Gold:   2423       SH: 24    Dex: 23    Spells: 16/16 levels left

rFire    + . .     SeeInvis +   y - +10 broad axe of Gehenna {pain, *Corrode MR+ Stlth+}
rCold    + + +     Gourm    .   s - +0 large shield
rNeg     . . .     Faith    .   T - +4 chain mail {rC+}
rPois    .         Spirit   +   i - +2 hat {SInv}
rElec    .         Reflect  .   Q - scarf {rC+ rF+}
rCorr    .         Harm     .   Y - +4 pair of gloves "Inafeden" {*Drain Int+6}
MR       ++...                  (boots unavailable)
Stlth    ++........             W - amulet of guardian spirit
HPRegen  1.33/turn              l - +5 ring of dexterity
MPRegen  0.21/turn              O - ring "Voukorph" {*Corrode rC++ MP+9 Str+7 SInv}

@: heroism
A: talons 3, iridescent scales 2, dopey 1, powered by death 3, powered by pain 2
a: Heroism, Finesse, Renounce Religion


You were on level 3 of the Elven Halls.
You worshipped Okawaru.
Okawaru was exalted by your worship.
You were not hungry.

You visited 5 branches of the dungeon, and saw 27 of its levels.
You visited the Abyss 1 time.

You collected 2897 gold pieces.
You spent 474 gold pieces at shops.

Inventory:

Hand Weapons
 m - the +2 war axe of Sel Asso {flame, rC+}
   (Okawaru gifted it to you on level 5 of the Lair of Beasts)

   It has been specially enchanted to burn those struck by it, causing extra
   injury to most foes and up to half again as much damage against particularly
   susceptible opponents.
   Big, fiery blades are also staple armaments of hydra-hunters.
   It protects you from cold.
 y - the +10 broad axe of Gehenna (weapon) {pain, *Corrode MR+ Stlth+}
   (Okawaru gifted it to you on level 6 of the Lair of Beasts)

   In the hands of one skilled in necromantic magic, it inflicts extra damage on
   living creatures.
   It affects your resistance to hostile enchantments.
   It may corrode you when you take damage.
   It makes you more stealthy.
 U - the +7 broad axe "Zeisiqo" {drain, +Blink rPois Int-5}
   (Okawaru gifted it to you on level 11 of the Dungeon)

   A truly terrible weapon, it drains the life of those it strikes.
   It affects your intelligence (-5).
   It protects you from poison.
   It lets you blink.
Armour
 i - a +2 hat of see invisible (worn)
 s - a +0 large shield (worn)
 E - a +2 robe of resistance
 F - a cursed +0 ring mail
 Q - a scarf of resistance (worn)
 S - +0 acid dragon scales
 T - a +4 chain mail of cold resistance (worn)
 X - the +0 cloak "Toph" {Dex+3}
   (You found it on level 4 of the Lair of Beasts)

   It affects your dexterity (+3).
 Y - the +4 pair of gloves "Inafeden" (worn) {*Drain Int+6}
   (You found it on level 5 of the Lair of Beasts)

   It affects your intelligence (+6).
   It causes draining when unequipped.
Jewellery
 c - an uncursed ring of magical power
 d - a +4 amulet of reflection
 l - a +5 ring of dexterity (left hand)
 o - the ring "Qugit" {Wiz rF+ Int+3}
   (You took it off a deep elf elementalist on level 3 of the Elven Halls)

   [ring of wizardry]

   It improves your spell success rate.
   It affects your intelligence (+3).
   It protects you from fire.
 x - an uncursed ring of poison resistance
 C - the ring "Onunwop" {+Blink rF+ rN++ AC+4 Str-4}
   (You took it off a deep elf annihilator on level 3 of the Elven Halls)

   [ring of protection]

   It affects your AC (+4).
   It affects your strength (-4).
   It protects you from fire.
   It greatly protects you from negative energy.
   It lets you blink.
 O - the ring "Voukorph" (right hand) {*Corrode rC++ MP+9 Str+7 SInv}
   (You took it off a deep elf mage on level 3 of the Elven Halls)

   [ring of magical power]

   It affects your strength (+7).
   It greatly protects you from cold.
   It affects your magic capacity (+9).
   It lets you see invisible.
   It may corrode you when you take damage.
 R - an uncursed ring of see invisible
 V - an uncursed ring of flight
 W - an amulet of guardian spirit (around neck)
Wands
 N - a wand of digging (7)
Scrolls
 a - a scroll of brand weapon
 e - 6 scrolls of enchant armour
 g - 3 scrolls of enchant weapon
 j - 18 scrolls of teleportation
 k - 7 scrolls of remove curse
 q - a scroll of silence
 r - 8 scrolls of magic mapping
 t - 2 scrolls of blinking
 u - 7 scrolls of fear
 A - 3 scrolls of fog
 D - 4 scrolls of amnesia
 Z - a scroll of acquirement {unknown}
Potions
 b - 2 potions of berserk rage
 h - 8 potions of heal wounds
 p - 3 potions of invisibility
 v - 3 potions of flight
 w - a potion of resistance {unknown}
 z - 11 potions of curing
 B - 3 potions of ambrosia
 G - a potion of might
 H - 2 potions of cancellation
 I - a potion of magic {unknown}
 J - 6 potions of brilliance
 K - a potion of experience
 M - 2 potions of haste
 P - 2 potions of mutation
Comestibles
 f - 52 rations
 n - 3 chunks of flesh


   Skills:
 + Level 13.8(18.8) Fighting
   Level 1.1(6.1) Long Blades
 + Level 18.4(23.4) Axes
 + Level 10.5(15.5) Armour
 + Level 5.8(10.8) Dodging
 + Level 3.0(8.0) Stealth
 + Level 14.4(19.4) Shields
 + Level 3.2 Invocations
 + Level 0.5 Evocations


You had 16 spell levels left.
You didn't know any spells.
Your spell library contained the following spells:

 Spells                   Type           Power        Failure   Level  Hunger
 Corona                   Hex            #......      92%         1    ##.....
 Summon Butterflies       Summ           #.......     92%         1    ##.....
 Summon Small Mammal      Summ           #...         92%         1    ##.....
 Call Imp                 Summ           #.......     98%         2    ###....
 Slow                     Hex            #.......     98%         2    ###....
 Call Canine Familiar     Summ           #.......     100%        3    ####...
 Inner Flame              Hex/Fire       #.......     100%        3    ####...
 Portal Projectile        Hex/Tloc       #.....       100%        3    ####...
 Summon Guardian Golem    Hex/Summ       #.......     100%        3    ####...
 Cause Fear               Hex            #.........   100%        4    #####..
 Leda's Liquefaction      Hex/Erth       #.........   100%        4    #####..
 Summon Ice Beast         Ice/Summ       #.......     100%        4    #####..
 Summon Lightning Spire   Summ/Air       #.......     100%        4    #####..
 Bolt of Magma            Conj/Fire/Erth #.........   100%        5    ######.
 Iskenderun's Battlesphe  Conj/Chrm      #.......     100%        5    ######.
 Summon Mana Viper        Hex/Summ       #.......     100%        5    ######.
 Venom Bolt               Conj/Pois      #.........   100%        5    ######.
 Iron Shot                Conj/Erth      #.........   100%        6    #######
 Statue Form              Tmut/Erth      #........    100%        6    #######
 Orb of Destruction       Conj           #.........   100%        7    #######
 Spellforged Servitor     Conj/Summ      #.........   100%        7    #######
 Summon Hydra             Summ           #.........   100%        7    #######
 Shatter                  Erth           #.........   100%        9    #######


Dungeon Overview and Level Annotations

Branches:
Dungeon (15/15)            Temple (1/1) D:7            Lair (6/6) D:11
  Swamp (0/4) Lair:2       Spider (0/4) Lair:4        Slime (0/5) Lair:5
    Orc (2/2) D:10            Elf (3/3) Orc:2        Vaults (0/5) D:14
 Depths (0/5) D:15

Altars:
Ashenzari
Cheibriados
Dithmenos
Elyvilon
Fedhas
Gozag
Hepliaklqana
Kikubaaqudgha
Makhleb
Nemelex Xobeh
Okawaru
Qazlal
Ru
Sif Muna
Trog
Uskayaw
Vehumet
Wu Jian
Xom
Yredelemnul
Zin
The Shining One

Shops:
D:4 (   D:15 [   Orc:2 %?:=   Elf:1 }   Elf:2 =

Portals:
Trove: D:10 (give 7 potions of agility)

Annotations:
D:2 exclusion: oklob plant


Innate Abilities, Weirdness & Mutations

You have claws for feet.
You are mostly covered in iridescent scales. (AC +4)
You regenerate a lot of health from kills.
You sometimes gain power by taking damage.
You are dopey. (Int -2)


Message History

The bolt of lightning hits you!
You slash the deep elf high priest!
The deep elf high priest is almost dead.
The deep elf annihilator seems less brilliant. x2
The deep elf annihilator is empowered by the deep elf high priest's aura! x2
The deep elf high priest misses you.
The deep elf annihilator casts a spell at you.
The poison arrow hits you!
You are poisoned.
* * * LOW HITPOINT WARNING * * *
You focus on the pain.
You feel your power returning.
The deep elf annihilator gestures at you while chanting.
The poison arrow hits you!
You are more poisoned.
* * * LOW HITPOINT WARNING * * *
You feel better.
The deep elf high priest hits you but does no damage.
The deep elf annihilator points at you and mumbles some strange words.
The iron shot hits you!
You die...

#..##≈##..)...###.# ##
#.≈#..)#≈.)'=.))..####.
#.§§.<(§≈...)..).......
##.§#|[|#≈/..)........'.
#...##§##..e.)))....#...
#....≈≈≈....####..######
#...........## #..# #.
#.....e).....# #..# #.
###....@...#.# ########.
###§)#..#### #...'.
#..#.## #####. #.e### ##
#..# # #..# .... ###
...e #.## ..... #..##


You could see 2 deep elf annihilators and a deep elf high priest.

Vanquished Creatures
  Rupert (Lair:4)
  A deep elf blademaster (Elf:2)
  5 deep elf sorcerers
  7 deep elf elementalists
  Nessos (D:15)
  3 deep elf annihilators (Elf:3)
  4 deep elf demonologists (Elf:3)
  A dire elephant (D:15)
  The ghost of TheNamelessOne the Prestidigitator, a journeyman OpAr of Okawaru (Lair:4)
  2 deep elf high priests (Elf:3)
  The ghost of EnegeticOcto the Cleaver, a journeyman NaSk of Gozag (D:11)
  A deep elf death mage (Elf:3)
  Erolcha (D:10)
  Harold (D:9)
  6 hydras
  4 vault guards (D:14)
  9 centaur warriors
  3 catoblepae (Lair:6)
  An ogre mage (D:15)
  4 two-headed ogres
  35 dancing weapons
  4 orc high priests (Orc:2)
  A tengu warrior (D:15)
  Urug (Lair:5)
  19 death yaks
  18 deep elf knights
  2 unseen horrors (D:14)
  An orange crystal statue (Elf:3)
  2 wizards
  Pikel (D:7)
  7 deep elf archers
  A wolf spider zombie (D:15)
  7 orc knights
  2 oklob plants
  6 ugly things
  A wolf spider (D:15)
  4 cyclopes
  6 orc sorcerers
  45 deep elf magi
  A salamander (D:15)
  A moth of wrath (shapeshifter) (Elf:3)
  8 manticores
  6 black mambas
  2 gargoyles
  A centaur zombie (D:14)
  6 spiny frogs
  The ghost of melvinkitnick the Grave Robber, a novice GnWn of Ashenzari (D:5)
  A freezing wraith (D:14)
  4 rime drakes
  A yaktaur (D:14)
  A kobold demonologist (D:13)
  8 komodo dragons
  4 tengu conjurers
  A polar bear (Lair:4)
  A queen bee (shapeshifter) (D:13)
  10 trolls
  A hornet (D:15)
  17 blink frogs
  A bog body (Lair:2)
  A meliai zombie (D:12)
  2 dream sheep (D:9)
  An air elemental (Elf:2)
  13 hippogriffs
  A vampire (D:15)
  7 water elementals
  A wraith (D:14)
  3 wyverns
  44 yaks
  2 shadows (D:15)
  A yak (shapeshifter) (D:15)
  2 fire elementals (Elf:3)
  3 basilisks (Lair:2)
  3 hungry ghosts
  A death yak simulacrum (Lair:4)
  A warg (Orc:2)
  A soldier ant (D:13)
  6 acid dragons
  13 water moccasins
  2 hydra simulacra (Lair:4)
  8 porcupines
  Duvessa (D:4)
  6 ice beasts
  4 slaves (D:7)
  28 orc warriors
  2 necrophages
  2 phantoms
  2 sky beasts
  13 ogres
  5 black bears
  5 eyes of draining
  A black mamba simulacrum (Lair:4)
  5 boggarts
  12 centaurs
  11 wolves
  20 crocodiles
  19 bullfrogs
  6 big kobolds
  A gnoll sergeant (D:10)
  Dowan (D:4)
  A wyvern skeleton (D:13)
  3 earth elementals
  7 scorpions
  A dream sheep simulacrum (Lair:4)
  3 killer bees (D:12)
  4 electric eels
  3 vampire bats (Lair:5)
  4 howler monkeys
  2 bullfrog zombies
  11 crimson imps
  Crazy Yiuf (D:7)
  9 hounds
  8 jellies
  23 orc priests
  A bullfrog skeleton (D:9)
  7 centaur skeletons
  27 orc wizards
  4 iguanas
  16 worker ants
  2 hound zombies
  2 hound skeletons
  A howler monkey skeleton (D:7)
  2 howler monkey zombies
  8 gnolls
  12 adders
  4 shadow imps
  4 oozes
  3 adder skeletons
  2 adder zombies (D:9)
  4 dart slugs
  3 worms
  6 leopard geckos
  72 orcs
  7 giant cockroaches
  7 goblins
  7 hobgoblins
  9 jackals
  5 quokkas
  18 bats
  6 frilled lizards
  A giant cockroach zombie (D:6)
  20 kobolds
  A quokka zombie (D:9)
  4 rats
  2 fungi
  4 plants
907 creatures vanquished.

Vanquished Creatures (others)
  A bat (D:2)
  3 fungi
  7 plants
  15 toadstools (D:2)
26 creatures vanquished.

Grand Total: 933 creatures vanquished

Notes
Turn   | Place    | Note
-------+----------+-------------------------------------------
     0 | D:1      | galech the Demonspawn Fighter began the quest for the Orb.
     0 | D:1      | Reached XP level 1. HP: 18/18 MP: 1/1
    36 | D:1      | Gained mutation: You are partially covered in iridescent
                  | scales. (AC +2) [demonic ancestry]
    36 | D:1      | Reached XP level 2. HP: 23/24 MP: 2/2
   186 | D:1      | Reached skill level 2 in Axes
   363 | D:1      | Reached XP level 3. HP: 27/29 MP: 3/3
   618 | D:2      | Found a blossoming altar of Fedhas.
   631 | D:2      | Noticed an oklob plant
   781 | D:2      | Reached skill level 1 in Dodging
   910 | D:2      | Gained mutation: You regenerate a little health from kills.
                  | [demonic ancestry]
   910 | D:2      | Reached XP level 4. HP: 30/35 MP: 4/4
  1611 | D:3      | Reached skill level 3 in Axes
  1827 | D:3      | Found a hazy altar of Hepliaklqana.
  2090 | D:3      | Reached XP level 5. HP: 38/41 MP: 5/5
  2459 | D:4      | Found Kosoilil's Weapon Shop.
  2721 | D:4      | Reached XP level 6. HP: 47/47 MP: 6/6
  2768 | D:4      | Noticed Duvessa
  2769 | D:4      | Noticed Dowan
  2786 | D:4      | Killed Duvessa
  2786 | D:4      | Reached skill level 4 in Axes
  2795 | D:4      | Killed Dowan
  3228 | D:5      | Entered Level 5 of the Dungeon
  3250 | D:5      | Gained mutation: You sometimes gain a little power by
                  | taking damage. [demonic ancestry]
  3250 | D:5      | Reached XP level 7. HP: 52/54 MP: 7/7
  3506 | D:5      | Found a runed door.
  3553 | D:5      | Reached skill level 5 in Shields
  3819 | D:5      | Reached skill level 5 in Axes
  4067 | D:5      | Gained mutation: You regenerate health from kills. [demonic
                  | ancestry]
  4067 | D:5      | Reached XP level 8. HP: 51/60 MP: 8/8
  4164 | D:5      | Noticed melvinkitnick's ghost (novice GnWn)
  4463 | D:6      | Reached skill level 6 in Axes
  4980 | D:7      | Noticed Pikel
  4997 | D:7      | Reached skill level 7 in Axes
  5005 | D:7      | Gained mutation: You have sharp toenails. [demonic
                  | ancestry]
  5005 | D:7      | Reached XP level 9. HP: 66/67 MP: 9/9
  5012 | D:7      | Killed Pikel
  5012 | D:7      | Reached skill level 5 in Fighting
  5107 | D:7      | Found an opulent altar of Gozag.
  5269 | D:7      | Reached skill level 8 in Axes
  5269 | D:7      | Reached skill level 5 in Armour
  5326 | D:7      | Found a staircase to the Ecumenical Temple.
  5388 | Temple   | Entered the Ecumenical Temple
  5510 | Temple   | Became a worshipper of Warmaster Okawaru
  5635 | D:7      | Found a runed door.
  5792 | D:7      | Noticed Crazy Yiuf
  5799 | D:7      | Killed Crazy Yiuf
  5977 | D:8      | Noticed a two-headed ogre
  6472 | D:9      | Gained mutation: You regenerate a lot of health from kills.
                  | [demonic ancestry]
  6472 | D:9      | Reached XP level 10. HP: 38/76 MP: 10/10
  6475 | D:9      | Reached * piety under Okawaru
  6488 | D:9      | Reached skill level 9 in Axes
  6518 | D:9      | Noticed a three-headed hydra
  6523 | D:9      | Killed a one-headed hydra
  6523 | D:9      | Reached ** piety under Okawaru
  6602 | D:9      | Noticed Harold
  6629 | D:9      | Killed Harold
  6908 | D:9      | Reached skill level 10 in Axes
  6911 | D:9      | Reached *** piety under Okawaru
  7058 | D:8      | Killed a two-headed ogre
  7063 | D:8      | Reached XP level 11. HP: 72/83 MP: 9/11
  7211 | D:9      | Noticed a centaur warrior
  7226 | D:9      | Killed a centaur warrior
  7226 | D:9      | Reached **** piety under Okawaru
  7542 | D:10     | Entered Level 10 of the Dungeon
  7560 | D:10     | Reached skill level 11 in Axes
  7620 | D:10     | Found a portal to a secret trove of treasure.
  7882 | D:10     | Noticed Erolcha
  7896 | D:10     | Killed Erolcha
  7896 | D:10     | Received a gift from Okawaru
  7896 | D:10     | Reached ***** piety under Okawaru
  8114 | D:10     | Found a staircase to the Orcish Mines.
  8266 | D:11     | Found a staircase to the Lair.
  8360 | D:11     | Noticed a two-headed ogre
  8367 | D:11     | Killed a two-headed ogre
  8396 | D:11     | Received a gift from Okawaru
  8423 | D:11     | Got a jewelled broad axe {god gift}
  8429 | D:11     | Identified the +7 broad axe "Zeisiqo" {drain, +Blink rPois
                  | Int-5} (Okawaru gifted it to you on level 11 of the
                  | Dungeon)
  8483 | D:11     | Reached skill level 12 in Axes
  8497 | D:11     | Gained mutation: You have razor-sharp toenails. [demonic
                  | ancestry]
  8497 | D:11     | Reached XP level 12. HP: 92/92 MP: 12/12
  8684 | D:11     | Found a runed gate.
  8684 | D:11     | Found a runed gate.
  8686 | D:11     | Found a runed gate.
  8692 | D:11     | Noticed EnegeticOcto's ghost (journeyman NaSk)
  8810 | Orc:1    | Entered Level 1 of the Orcish Mines
  8926 | Orc:2    | Entered Level 2 of the Orcish Mines
  8934 | Orc:2    | Noticed an orc high priest
  8948 | Orc:2    | Killed an orc high priest
  9084 | Orc:2    | Found a bloodstained altar of Trog.
  9089 | Orc:2    | Found a staircase to the Elven Halls.
  9489 | Orc:2    | Reached skill level 1 in Invocations
  9491 | Orc:2    | Paralysed by an orc sorcerer for 3 turns
  9503 | Orc:2    | Reached skill level 1 in Stealth
  9509 | Orc:2    | Reached skill level 13 in Axes
  9552 | Orc:2    | Noticed an orc high priest
  9581 | Orc:2    | Reached skill level 10 in Shields
  9585 | Orc:2    | Killed an orc high priest
  9585 | Orc:2    | Received a gift from Okawaru
  9734 | Orc:2    | Noticed an orc high priest
  9736 | Orc:2    | Gained mutation: You are dopey. (Int -2) [a neqoxec]
  9741 | Orc:2    | Killed an orc high priest
  9773 | Orc:2    | Noticed an orc high priest
  9774 | Orc:2    | Found Bahej's Book Boutique.
  9783 | Orc:2    | Killed an orc high priest
  9803 | Orc:2    | Found Iredwaod's Food Emporium.
  9835 | Orc:2    | Found Anat's Magic Scroll Emporium.
  9837 | Orc:2    | Found Xitath's Jewellery Boutique.
  9845 | Orc:2    | Bought an uncursed amulet of guardian spirit for 390 gold
                  | pieces
  9847 | Orc:2    | Bought a scroll of identify for 28 gold pieces
  9847 | Orc:2    | Bought a scroll of identify for 28 gold pieces
  9847 | Orc:2    | Bought a scroll of identify for 28 gold pieces
 10347 | Lair:1   | Entered Level 1 of the Lair of Beasts
 10398 | Lair:1   | Lost intelligence.
 10432 | Lair:1   | Reached ****** piety under Okawaru
 10432 | Lair:1   | Received a gift from Okawaru
 10655 | Lair:1   | Gained mutation: You sometimes gain power by taking damage.
                  | [demonic ancestry]
 10655 | Lair:1   | Reached XP level 13. HP: 101/101 MP: 14/14
 11042 | Lair:2   | Reached skill level 14 in Axes
 11185 | Lair:2   | Found a staircase to the Swamp.
 11297 | Lair:2   | You fall through a shaft for 2 floors!
 11454 | Lair:4   | Noticed TheNamelessOne's ghost (journeyman OpAr)
 11486 | Lair:4   | Found a hole to the Spider Nest.
 11530 | Lair:4   | Noticed Rupert
 11541 | Lair:4   | Killed Rupert
 11541 | Lair:4   | Reached skill level 1 in Long Blades
 11568 | Lair:4   | Got a smoking cloak
 11579 | Lair:4   | Identified the cursed +0 cloak "Toph" {Dex+3} (You found it
                  | on level 4 of the Lair of Beasts)
 13397 | Lair:4   | Found a runed gate.
 13397 | Lair:4   | Found a runed gate.
 13397 | Lair:4   | Found a runed gate.
 13817 | Lair:5   | Received a gift from Okawaru
 13825 | Lair:5   | Reached skill level 10 in Fighting
 13831 | Lair:5   | Got a scorched war axe {god gift}
 13832 | Lair:5   | Identified the +2 war axe of Sel Asso {flame, rC+} (Okawaru
                  | gifted it to you on level 5 of the Lair of Beasts)
 13866 | Lair:5   | Got a pair of bloodstained gloves
 13877 | Lair:5   | Identified the +4 pair of gloves "Inafeden" {*Drain Int+6}
                  | (You found it on level 5 of the Lair of Beasts)
 13919 | Lair:5   | Got an ichor-stained leather armour
 13930 | Lair:5   | Identified the cursed +1 leather armour "Keheufyss" {rPois}
                  | (You found it on level 5 of the Lair of Beasts)
 14241 | Lair:5   | Found a staircase to the Slime Pits.
 14313 | Lair:5   | Noticed Urug
 14324 | Lair:5   | Killed Urug
 14414 | Lair:5   | Reached XP level 14. HP: 101/110 MP: 13/15
 14556 | Lair:6   | Entered Level 6 of the Lair of Beasts
 14602 | Lair:6   | Received a gift from Okawaru
 14689 | Lair:6   | Reached skill level 15 in Axes
 15398 | Lair:6   | Received a gift from Okawaru
 15405 | Lair:6   | Got a scorched broad axe {god gift}
 15406 | Lair:6   | Identified the +10 broad axe of Gehenna {pain, *Corrode MR+
                  | Stlth+} (Okawaru gifted it to you on level 6 of the Lair of
                  | Beasts)
 15990 | D:5      | Killed melvinkitnick's ghost
 16152 | D:11     | Killed EnegeticOcto's ghost
 16320 | Lair:4   | Killed TheNamelessOne's ghost
 17184 | D:13     | Reached skill level 16 in Axes
 17254 | D:13     | Gained mutation: You are mostly covered in iridescent
                  | scales. (AC +4) [demonic ancestry]
 17254 | D:13     | Reached XP level 15. HP: 113/119 MP: 14/16
 17389 | D:13     | Found a deep blue altar of Sif Muna.
 17952 | D:13     | Received a gift from Okawaru
 18469 | D:14     | Found a shadowy altar of Dithmenos.
 18567 | D:14     | Found a white marble altar of Elyvilon.
 18892 | D:14     | Reached skill level 5 in Dodging
 18914 | D:14     | Received a gift from Okawaru
 18997 | D:14     | Found a gate to the Vaults.
 19048 | D:15     | Entered Level 15 of the Dungeon
 19067 | D:15     | Found Zuijog's Armour Shoppe.
 19298 | D:15     | Noticed Nessos
 19330 | D:15     | Killed Nessos
 19568 | D:15     | Found a sparkling altar of Nemelex Xobeh.
 19703 | D:15     | Reached skill level 17 in Axes
 19724 | D:15     | Received a gift from Okawaru
 19944 | D:15     | Found a staircase to the Depths.
 20408 | Elf:1    | Entered Level 1 of the Elven Halls
 20568 | Elf:1    | Gained mutation: You have claws for feet. [demonic
                  | ancestry]
 20568 | Elf:1    | Reached XP level 16. HP: 96/127 MP: 17/17
 20578 | Elf:1    | Found Ozuff's Gadget Shoppe.
 21141 | Elf:1    | Received a gift from Okawaru
 21244 | Elf:1    | Cast into level 2 of the Abyss (a deep elf sorcerer)
 21246 | Abyss:2  | Found an iron altar of Okawaru.
 21254 | Abyss:2  | Found a corrupted altar of Lugonu.
 21265 | Abyss:2  | Found a viscous altar of Jiyva.
 21338 | Elf:1    | Escaped the Abyss
 21635 | Elf:2    | Found Onaujim's Jewellery Shoppe.
 21715 | Elf:2    | Found a runed gate.
 21716 | Elf:2    | Found a runed gate.
 21724 | Elf:2    | Found a runed gate.
 22164 | Elf:2    | Received a gift from Okawaru
 22259 | Elf:2    | Noticed a deep elf blademaster
 22264 | Elf:2    | Reached skill level 10 in Armour
 22278 | Elf:2    | Killed a deep elf blademaster
 22278 | Elf:2    | Reached skill level 18 in Axes
 22616 | Elf:3    | Entered Level 3 of the Elven Halls
 22676 | Elf:3    | Reached XP level 17. HP: 97/136 MP: 12/19
 23503 | Elf:3    | Received a gift from Okawaru
 23555 | Elf:3    | Identified the ring "Onunwop" {+Blink rF+ rN++ AC+4 Str-4}
 23888 | Elf:3    | Identified the +5 halberd of the Orcish Mines {venom,
                  | Fragile rN+ Str+7}
 23888 | Elf:3    | Identified the ring "Qugit" {Wiz rF+ Int+3}
 23950 | Elf:3    | Identified the +0 mace "Cyesikal" {speed, *Rage rC+ rN+
                  | Int+5}
 23950 | Elf:3    | Identified the ring "Voukorph" {*Corrode rC++ MP+9 Str+7
                  | SInv}
 24029 | Elf:3    | Noticed a Tzitzimitl
 24255 | Elf:3    | Noticed an Ice Fiend
 24467 | Elf:3    | Identified the cursed +0 plate armour of Rationality {MR+}
 24485 | Elf:3    | Killed from afar by a deep elf annihilator

Vault maps used:
D:1:      dpeg_arrival_court
D:2:      first_ration, tgw_fedhas
D:3:      nicolae_overflow_hidden_temple
D:4:      wad_river_or_something, serial_shops, shop, uniq_duvessa
D:5:      ebering_ghost_reflecting_pool
D:7:      minmay_temple_entry_enclosed_plants, nicolae_gozag_seed_capital,
          uniq_crazy_yiuf_cottage, uniq_pikel
D:9:      hangedman_ranch, minmay_pinched_square, uniq_harold
D:10:     hiddenorc1_lemuel, enter_trove_1, fungi_pond_lemuel, uniq_erolcha
D:11:     david_lair_generic, ebering_ghost_rock_garden
D:13:     basic_altar, nrook_mini_backslash
D:14:     grunt_vaults_entry_fortified, nicolae_dithmenos_the_darkroom,
          lemuel_oklob_altar
D:15:     hangedman_depths_entry_try_elsewhere_first, serial_shops, shop,
          nemelex_diamond_rough_becter, uniq_nessos
Temple:   kilobyte_greek_temple
Lair:1:   columned_hall_lemuel
Lair:2:   skrybe_swamp_entry_bodies, infiniplex_staircase_pool
Lair:4:   dummy_spider_entry, gammafunk_ghost_icy, minivault_26, uniq_rupert
Lair:5:   nicolae_slime_entry_slimehenge, roderic_batcave, lemuel_fruit_tree,
          uniq_urug
Lair:6:   evilmike_catoblepas_cave, grunt_megastairs_1
Orc:2:    st_orc_elflike, trog_book
Elf:1:    eino_elf_arrival_sip, serial_shops, nicolae_shop_statue_plus,
          hangedman_elf_disciples, grunt_ministairs_7, fountainhead
Elf:2:    serial_shops, shop_statue, feat_on_display
Elf:3:    minmay_elf_hall_x, minivault_15

Skill      XL: |  1  2  3  4  5  6  7  8  9 10 11 12 13 14 15 16 17 |
---------------+----------------------------------------------------+-----
Axes           | 2 3 4 5 7 8 10 12 13 14 16 17 18 | 18.4
Shields        | 3 4 5 6 7 8 9 10 11 12 13 14 | 14.4
Armour         | 3 4 5 6 7 8 9 10 | 10.5
Dodging        | 1 2 3 4 5 |  5.8
Fighting       | 4 5 6 7 9 10 11 12 13 | 13.8
Invocations    | 1 2 3 |  3.2
Stealth        | 1 2 3 |  3.0
Long Blades    | 1 |  1.1
Evocations     | |  0.5

Action                   |  1- 3 |  4- 6 |  7- 9 | 10-12 | 13-15 | 16-18 || total
-------------------------+-------+-------+-------+-------+-------+-------++-------
Melee: War axe           |   167 |   202 |   469 |   398 |    22 |       ||  1258
       Kick              |       |       |    93 |   341 |   558 |   255 ||  1247
       Falchion          |       |       |       |     4 |     7 |       ||    11
       Broad axe         |       |       |       |   274 |  1101 |   563 ||  1938
Invok: Heroism           |       |       |       |    10 |    12 |     9 ||    31
 Abil: Evoke Flight      |       |       |       |       |       |     1 ||     1
  Use: Potion            |       |     1 |     1 |       |       |     1 ||     3
       Scroll            |       |       |     7 |    13 |     7 |     5 ||    32
 Stab: Petrified         |       |       |       |       |    12 |       ||    12
       Petrifying        |       |       |       |       |     4 |       ||     4
  Eat: Chunk             |     1 |     7 |    39 |    30 |    20 |    10 ||   107
       Ration            |       |       |       |       |     2 |     1 ||     3
Armor: Scale mail        |   123 |    96 |    50 |       |       |       ||   269
       Plate armour      |       |       |   208 |    21 |       |       ||   229
       Chain mail        |       |       |       |   233 |   461 |   151 ||   845
Dodge: Dodged            |    67 |    49 |    67 |   149 |   213 |    98 ||   643
Block: Shield            |   107 |    17 |       |       |       |       ||   124
       Large shield      |       |   158 |   436 |   607 |   965 |   386 ||  2552
       Rpst.: Falchion   |       |       |       |       |     1 |       ||     1

Table legend:
 A = Non-vault XP
 B = Vault XP
 C = Vault XP percentage of total XP
 D = Non-vault monster count
 E = Vault monster count
 F = Vault count percentage of total count
                 A         B        C        D         E       F
            +---------+---------+-------+---------+---------+-------
      Total |  147305 |  111801 |  43.1 |     685 |     212 |  23.6
            +---------+---------+-------+---------+---------+-------
        D:1 |      46 |       0 |   0.0 |      26 |       0 |   0.0
        D:2 |      90 |       0 |   0.0 |      27 |       0 |   0.0
        D:3 |      89 |       0 |   0.0 |      19 |       0 |   0.0
        D:4 |     184 |     279 |  60.3 |       7 |       6 |  46.2
        D:5 |     870 |     394 |  31.2 |      17 |       1 |   5.6
        D:6 |     785 |       0 |   0.0 |      20 |       0 |   0.0
        D:7 |    1294 |     707 |  35.3 |      31 |       2 |   6.1
        D:8 |    1805 |     282 |  13.5 |      23 |       2 |   8.0
        D:9 |    1353 |    5404 |  80.0 |      20 |      21 |  51.2
       D:10 |    2269 |    1258 |  35.7 |      27 |      18 |  40.0
       D:11 |    5162 |    1694 |  24.7 |      41 |       5 |  10.9
       D:12 |    4858 |       0 |   0.0 |      28 |       0 |   0.0
       D:13 |    8781 |       0 |   0.0 |      35 |       0 |   0.0
       D:14 |   11934 |    7005 |  37.0 |      43 |      11 |  20.4
       D:15 |   14904 |    4636 |  23.7 |      46 |       5 |   9.8
     Lair:1 |    3741 |       0 |   0.0 |      21 |       0 |   0.0
     Lair:2 |    7321 |     257 |   3.4 |      34 |       1 |   2.9
     Lair:3 |     936 |       0 |   0.0 |       5 |       0 |   0.0
     Lair:4 |    3682 |    5415 |  59.5 |      13 |       9 |  40.9
     Lair:5 |    9015 |    1148 |  11.3 |      24 |      16 |  40.0
     Lair:6 |    8660 |   17335 |  66.7 |      34 |      29 |  46.0
      Orc:1 |    2364 |       0 |   0.0 |      28 |       0 |   0.0
      Orc:2 |    2739 |    8366 |  75.3 |      32 |      25 |  43.9
      Elf:1 |   22761 |    7843 |  25.6 |      33 |      13 |  28.3
      Elf:2 |   11111 |   25756 |  69.9 |      17 |      30 |  63.8
      Elf:3 |   20551 |   24022 |  53.9 |      34 |      18 |  34.6
            +---------+---------+-------+---------+---------+-------
